 Dungeon Sprint DCSS version 0.17-a0-1248-g117de50 (webtiles) character file.

2014 Kidiri the Unseen (level 9, -4/52 HPs)
             Began as a Spriggan Assassin on June 5, 2015.
             Slain by a flying skull (12 damage)
             ... in the Dungeon (Sprint II: "The Violet Keep of Menkaure").
             The game lasted 00:09:35 (1955 turns).

Kidiri the Unseen (Spriggan Assassin)               Turns: 1955, Time: 00:09:36

Health: -4/52      AC:  3    Str:  7    XL:     9   Next: 2%
Magic:  10/10      EV: 32    Int: 12    God:
Gold:   972        SH:  0    Dex: 21    Spells: 0 memorised, 8 levels left

rFire  . . .     SeeInvis +     a - +2 dagger
rCold  . . .     Clarity  .     c - +0 robe
rNeg   . . .     SustAt   .     (shield restricted)
rPois  .         Gourm    .     (helmet restricted)
rElec  .         Spirit   .     d - +0 cloak
rCorr  .         Warding  .     (gloves unavailable)
rMut   .         NoTele   +     (boots unavailable)
MR     +....                    (no amulet)
Stlth  +++++++...               (no ring)
                                (no ring)

@: very quick, somewhat resistant to hostile enchantments, extremely stealthy
A: unfitting armour, see invisible, herbivore 3, speed 3, slow metabolism 2
a: no special abilities


You were in the Dungeon.
You were full.

You visited 1 branch You collected 972 gold pieces.

Inventory:

Hand weapons
 a - a +2 dagger (weapon)
 b - a +0 blowgun
Missiles
 e - 8 poisoned needles
 f - a curare-tipped needle
Armour
 c - a +0 robe (worn)
 d - a +0 cloak (worn)
Potions
 k - 2 potions of magic


   Skills:
 * Level 8.3 Fighting
 * Level 10.7 Short Blades
 + Level 7.8 Throwing
 * Level 13.3 Dodging
 * Level 15.1 Stealth


You had 8 spell levels left.
You didn't know any spells.

Dungeon Overview and Level Annotations

Branches:
Dungeon (1/1)

Altars:

Shops:
D }=[:[[%?:!!=

Annotations:
D Roxanne


Innate Abilities, Weirdness & Mutations

You are tiny and cannot use many weapons and most armour.
You have supernaturally acute eyesight.
You are a herbivore.
You cover ground extremely quickly.
You need consume almost no food.


Message History

The flying skull is severely damaged.
The flying skull completely misses you.
You barely miss the flying skull.
The flying skull is severely damaged.
The flying skull completely misses you.
You hit the flying skull but do no damage.
The flying skull is severely damaged.
The flying skull completely misses you.
You hit the flying skull but do no damage.
The flying skull is severely damaged.
The flying skull barely misses you.
You hit the flying skull.
The flying skull is severely damaged.
You closely miss the flying skull.
The flying skull is severely damaged.
The flying skull closely misses you.
You miss the flying skull.
The flying skull is severely damaged.
The flying skull hits you!
You die...

##§§§§.≈§## ##§§.≈§§§§§##
+§§§§≈8§§§§§# ###§.≈≈§§≈§§
#≈## §§≈≈≈
########≈≈#+++#+++##
#######≈≈≈.z.......#
∩.....#≈≈≈≈.##+##..#
.∩....#≈≈≈≈##z@.##.####
∩.∩...#≈z≈≈#..#..#....#
.∩.∩..#zz####.#.####..##
..∩.⌠.#z##.###'###.##..#
.∩.∩..#z#.#.##.##...#..#
∩.∩...+≈+.##+.<.+###+§.###
.∩....#≈#..###.##...#....###.
▓▓▓▓###≈##.###+###.##......≈≈
J######≈≈####.#.####≈≈.....§#


You could see a flying skull.

Vanquished Creatures
  4 flying skulls (D)
  2 boulder beetles (D)
  2 hippogriffs (D)
  Menkaure (D)
  4 necrophages (D)
  4 brain worms (D)
17 creatures vanquished.

Notes
Turn   | Place    | Note
--------------------------------------------------------------
     0 | D        | Kidiri the Spriggan Assassin began the quest for the Orb.
     0 | D        | Reached XP level 1. HP: 10/10 MP: 2/2
     1 | D        | Noticed a necrophage
     1 | D        | Noticed a necrophage
     1 | D        | Noticed a necrophage
     1 | D        | Noticed a necrophage
     4 | D        | Noticed a boulder beetle
     4 | D        | Noticed a boulder beetle
     7 | D        | Noticed a hippogriff
     7 | D        | Noticed a hippogriff
    10 | D        | Noticed a brain worm
    13 | D        | Killed a brain worm
    13 | D        | Reached skill level 5 in Dodging
    13 | D        | Reached skill level 8 in Stealth
    13 | D        | Reached XP level 2. HP: 13/16 MP: 3/3
    13 | D        | Reached XP level 3. HP: 16/20 MP: 4/4
    80 | D        | Noticed a brain worm
    81 | D        | Killed a brain worm
    81 | D        | Reached skill level 5 in Short Blades
    81 | D        | Reached skill level 9 in Stealth
    81 | D        | Reached XP level 4. HP: 23/25 MP: 5/5
    82 | D        | Noticed a brain worm
    82 | D        | Noticed a brain worm
    97 | D        | Killed a brain worm
    97 | D        | Reached skill level 10 in Stealth
    97 | D        | Reached XP level 5. HP: 26/30 MP: 6/6
   107 | D        | Killed a brain worm
   107 | D        | Reached skill level 5 in Fighting
   107 | D        | Reached skill level 5 in Throwing
   196 | D        | Killed a necrophage
   196 | D        | Reached skill level 11 in Stealth
   196 | D        | Reached XP level 6. HP: 35/35 MP: 7/7
   223 | D        | Killed a necrophage
   504 | D        | Killed a necrophage
   504 | D        | Reached skill level 10 in Dodging
   504 | D        | Reached skill level 12 in Stealth
   504 | D        | Reached XP level 7. HP: 38/38 MP: 8/8
   529 | D        | Killed a necrophage
   577 | D        | Killed a boulder beetle
   577 | D        | Reached skill level 13 in Stealth
   583 | D        | Killed a boulder beetle
   598 | D        | Killed a hippogriff
   598 | D        | Reached XP level 8. HP: 44/44 MP: 9/9
   613 | D        | Killed a hippogriff
   651 | D        | Noticed a flying skull
   651 | D        | Noticed a flying skull
   651 | D        | Noticed a flying skull
   652 | D        | Noticed a flying skull
   652 | D        | Noticed a flying skull
   652 | D        | Noticed a flying skull
   652 | D        | Noticed a flying skull
   653 | D        | Noticed a flying skull
   654 | D        | Noticed a flying skull
   654 | D        | Noticed a flying skull
   655 | D        | Noticed a flying skull
   684 | D        | Killed a flying skull
   684 | D        | Reached skill level 10 in Short Blades
   684 | D        | Reached skill level 14 in Stealth
   690 | D        | Noticed a flying skull
   709 | D        | Noticed Menkaure
   710 | D        | Noticed Roxanne
   714 | D        | Killed Menkaure
   716 | D        | Found Yna Poam's Distillery.
   716 | D        | Found Houcaz's Jewellery Shop.
   717 | D        | Found Toic's Magic Scroll Shop.
   717 | D        | Found Guepekh's Book Boutique.
   717 | D        | Found Asecem's Distillery.
   718 | D        | Found Zaecar's Antique Armour Shop.
   718 | D        | Found Suitiux's Antique Armour Boutique.
   718 | D        | Found Qaplahen's Book Boutique.
   718 | D        | Found Vivix's Food Shop.
   719 | D        | Found Reetaown's Armour Boutique.
   719 | D        | Found Opsiz's Jewellery Boutique.
   719 | D        | Found Afiyphank's Gadget Shop.
   719 | D        | Noticed a slime creature
   771 | D        | Killed a flying skull
  1552 | D        | Killed a flying skull
  1853 | D        | Killed a flying skull
  1853 | D        | Reached skill level 15 in Stealth
  1853 | D        | Reached XP level 9. HP: 50/52 MP: 10/10
  1955 | D        | Slain by a flying skull

Vault maps used:
D:        the_violet_keep_of_menkaure

Action                   |  1- 3 |  4- 6 |  7- 9 || total
-------------------------+-------+-------+-------++-------
Melee: Dagger            |     2 |    47 |   286 ||   335
 Fire: Blowgun           |       |       |     2 ||     2
  Use: Potion            |       |       |     4 ||     4
       Scroll            |       |       |     1 ||     1
 Stab: Sleeping          |     2 |     2 |     4 ||     8
       Distracted        |       |       |     1 ||     1
  Eat: Bread ration      |       |       |     1 ||     1
